 Dungeon Crawl Stone Soup version 0.31.0-11-ge490571c62 (webtiles) character file.

Game seed: 12985153684116918952

49 qw the Shooter (level 3, 0/20 HPs)
             Began as a Deep Elf Hunter on Feb 3, 2024.
             Slain by an adder (4 damage)
             ... on level 2 of the Dungeon.
             The game lasted 00:00:05 (1491 turns).

qw the Shooter (Deep Elf Hunter)                    Turns: 1491, Time: 00:00:05

Health: 0/20       AC:  5    Str: 10    XL:     3   Next: 53%
Magic:  5/5        EV: 12    Int: 13    God:
Gold:   77         SH:  0    Dex: 18    Spells: 2/2 levels left

rFire   . . .        a - +0 shortbow
rCold   . . .        (shield currently unavailable)
rNeg    . . .        c - +0 leather armour
rPois   .            d - +0 helmet
rElec   .            (no cloak)
rCorr   .            m - +0 pair of gloves
SInv    .            (no boots)
Will    .....        (no amulet)
Stlth   ++           (no ring)
HPRegen 0.23/turn    (no ring)
MPRegen 0.09/turn

%: no passive effects
@: lethally poisoned (0 -> -5)
A: no striking features
a: no special abilities


You were on level 2 of the Dungeon.
You visited 1 branch of the dungeon, and saw 2 of its levels.

You collected 77 gold pieces.


   Skills:
 - Level 1.5 Fighting
 + Level 7.1 Ranged Weapons
 - Level 2.4 Dodging
 - Level 1.2 Stealth


You had 2 spell levels left.
You didn't know any spells.
Your spell library was empty.

Inventory:

Hand Weapons
 a - a +0 shortbow (weapon)
Armour
 c - a +0 leather armour (worn)
 d - a +0 helmet (worn)
 h - a +0 scale mail
 m - a +0 pair of gloves (worn)
Scrolls
 e - a scroll of immolation {unknown}
 i - a scroll of enchant armour {unknown}
Potions
 b - a potion of cancellation {unknown}
 f - 3 potions of magic {unknown}
 g - a potion of mutation
 j - a potion of enlightenment {unknown}
 k - 2 potions of curing {unknown}
 l - a potion of invisibility {unknown}

Dungeon Overview and Level Annotations

Branches:
Dungeon (2/15)

Altars:


Message History

You shoot an arrow. The arrow hits the bat.
The bat is moderately wounded.
You shoot an arrow. The arrow closely misses the bat.
The bat barely misses you.
You shoot an arrow. The arrow hits the bat.
You kill the bat!
You open the door.
There is an open door here.
An adder comes into view.
Found 4 stones.
You shoot an arrow. The arrow completely misses the adder.
The adder hisses angrily.
You shoot an arrow. The arrow misses the adder.
You shoot an arrow. The arrow closely misses the adder.
The adder bites you.
You are poisoned.
The adder poisons you! The adder bites you.
You shoot an arrow. The arrow hits the adder.
The adder is moderately wounded.
You feel sick. The adder closely misses you.
You shoot an arrow. The arrow closely misses the adder.
You feel sick. The adder closely misses you. The adder bites you.
You are more poisoned.
The adder poisons you!
You shoot an arrow. The arrow hits the adder.
The adder is severely wounded.
You feel sick. The adder closely misses you.
You shoot an arrow. The arrow barely misses the adder.
You feel sick. The adder bites you.
You shoot an arrow. The arrow closely misses the adder.
You feel sick. The adder barely misses you. The adder bites you.
You are lethally poisoned!
The adder poisons you!
You shoot an arrow. The arrow hits the adder.
The adder is severely wounded.
You feel sick. The adder barely misses you.
You shoot an arrow. The arrow hits the adder.
The adder is almost dead.
You feel sick. The adder bites you.
You die...

# #. ##. ... #.
.######## #.
.....(S.# ## #@#
#.# ### #.# ..##
##### #.# ##
...###...## #.# ..
.#..#(.#..# #.# #.
###...###.##
#.########+######.
.#.....#...#
#.##...........##.
..........%#
#.##...........##.


You could see an adder.

Vanquished Creatures
  2 dart slugs (D:1)
  9 endoplasms
  2 giant cockroaches (D:1)
  2 goblins (D:1)
  4 jackals (D:2)
  4 kobolds
  A quokka (D:1)
  2 ball pythons
  8 bats
  A frilled lizard (D:1)
  5 rats
40 creatures vanquished.

Notes
Turn   | Place    | Note
-------+----------+-------------------------------------------
     0 | D:1      | qw the Deep Elf Hunter began the quest for the Orb.
     0 | D:1      | Reached XP level 1. HP: 12/12 MP: 3/3
     0 | D:1      | 0 ||| qw: Version: 0.3-a-157-g843a77d
     0 | D:1      | 0 ||| qw: Game counter: 3629
     0 | D:1      | 0 ||| qw: Melee chars always use a shield: true
     0 | D:1      | 0 ||| qw: God list: Okawaru
     0 | D:1      | 0 ||| qw: Allow faded altars: false
     0 | D:1      | 0 ||| qw: Do Orc after clearing Dungeon:15 true
     0 | D:1      | 0 ||| qw: Do second Lair branch before Depths: true
     0 | D:1      | 0 ||| qw: Lair rune preference: random
     0 | D:1      | 0 ||| qw: Goals: Normal
     0 | D:1      | 0 ||| PLANNING D:1-11
   110 | D:1      | Reached XP level 2. HP: 16/16 MP: 4/4
   116 | D:1      | Reached skill level 6 in Ranged Weapons
   504 | D:1      | Reached XP level 3. HP: 20/20 MP: 5/5
   781 | D:1      | Found a faded altar of an unknown god.
   929 | D:1      | 929 ||| UPGRADING to +0 helmet.
   934 | D:1      | 934 ||| UPGRADING to +0 pair of gloves.
   939 | D:1      | 939 ||| DROPPING ring of magical power.
   940 | D:1      | 940 ||| READING scroll labelled DELUELLUKK.
  1041 | D:1      | 1041 ||| READING scroll labelled CASHREO ZUFFIR.
  1042 | D:1      | 1042 ||| READING scroll labelled IQO CI RAL.
  1042 | D:1      | 1042 ||| IDENTIFYING fuming ruby potion
  1043 | D:1      | 1043 ||| READING scroll labelled PUETRA POEFRI.
  1044 | D:1      | 1044 ||| READING scroll labelled ALOQIV PYOKYT.
  1049 | D:1      | 1049 ||| DROPPING scroll of butterflies.
  1263 | D:2      | Reached skill level 7 in Ranged Weapons
  1490 | D:2      | HP: 5/20 [poisoned by an adder]
  1491 | D:2      | Slain by an adder

Levels and vault maps discovered:
D:1:      mrwooster_arrival_statue, layout_loops_corners,
          hellmonk_ecumenical_altar_pennies_from_heaven
D:2:      minmay_chambers_of_ones, layout_basic, minmay_strange_pillars

Skill      XL: |  1  2  3 |
---------------+----------+-----
Ranged Weapons | 6 7 |  7.1
Fighting       | |  1.5
Dodging        | |  2.4
Stealth        | |  1.2

Action                     || total
---------------------------++-------
   Fire: Shortbow          ||   124
    Use: Scroll            ||     5
 Armour: Leather armour    ||    32
  Dodge: Dodged            ||    44

Table legend:
 A = Non-vault XP
 B = Vault XP
 C = Vault XP percentage of total XP
 D = Non-vault monster count
 E = Vault monster count
 F = Vault count percentage of total count
                 A         B        C        D         E       F
            +---------+---------+-------+---------+---------+-------
      Total |      71 |       0 |   0.0 |      40 |       0 |   0.0
            +---------+---------+-------+---------+---------+-------
        D:1 |      48 |       0 |   0.0 |      27 |       0 |   0.0
        D:2 |      23 |       0 |   0.0 |      13 |       0 |   0.0
            +---------+---------+-------+---------+---------+-------
